TOP OF THE 1ST |
Valley Blue Sox batting - Pitching for Walla Walla Walleye : RHP Ricky Parker
|
Pitching: RHP Ricky Parker
|
|
Batting: RHB Dale Epner
|
0-0: Called Strike 0-1: Swinging Strike 0-2: Strikes out swinging
|
Batting: SHB Donnie Magee
|
0-0: Ball 1-0: Ball 2-0: Fly out, F3 (Popup, 34S)
|
Batting: RHB Richard Trevithick
|
0-0: Called Strike 0-1: Foul Ball, location: 2F 0-2: Fly out, F3 (Popup, 34)
|
Top of the 1st over - 0 runs, 0 hits, 0 errors, 0 left on base; Valley 0 - Walla Walla 0 |
BOTTOM OF THE 1ST |
Walla Walla Walleye batting - Pitching for Valley Blue Sox : LHP Kieran Long
|
Pitching: LHP Kieran Long
|
|
Batting: LHB Juan Huerta
|
0-0: Ball 1-0: Foul Ball, location: 2F 1-1: Ball 2-1: Foul Ball, location: 2F 2-2: Strikes out swinging
|
Pitching: RHP Jesús Vásquez
|
|
Batting: RHB William Morgan
|
0-0: Ball 1-0: Ball 2-0: Ball 3-0: Called Strike 3-1: Base on Balls
|
Batting: RHB Alejandro Blasco
|
0-0: Ball 1-0: Ball 2-0: Called Strike 2-1: Ball 3-1: Swinging Strike 3-2: Foul Ball, location: 2F 3-2: Strikes out looking
|
Batting: RHB William Harper
|
0-0: Called Strike 0-1: Fly out, F4 (Line Drive, 4)
|
Bottom of the 1st over - 0 runs, 0 hits, 0 errors, 1 left on base; Valley 0 - Walla Walla 0 |
TOP OF THE 2ND |
Valley Blue Sox batting - Pitching for Walla Walla Walleye : RHP Ricky Parker
|
Batting: RHB Jon Huband
|
0-0: Ball 1-0: Called Strike 1-1: Swinging Strike 1-2: Ground out 6-3 (Groundball, 6)
|
Batting: RHB Júlio Hernández
|
0-0: Ball 1-0: Swinging Strike 1-1: Foul Ball, location: 2F 1-2: Strikes out looking
|
Batting: LHB Stuart Janssen
|
0-0: Ball 1-0: Ball 2-0: Called Strike 2-1: Swinging Strike 2-2: Ground out 5-3 (Groundball, 56)
|
Top of the 2nd over - 0 runs, 0 hits, 0 errors, 0 left on base; Valley 0 - Walla Walla 0 |
BOTTOM OF THE 2ND |
Walla Walla Walleye batting - Pitching for Valley Blue Sox : RHP Jesús Vásquez
|
Batting: LHB Lauren Hilfiker
|
0-0: Fly out, F8 (Flyball, 89D)
|
Batting: LHB Andrés Rodríguez
|
0-0: Ball 1-0: Called Strike 1-1: Ball 2-1: Foul Ball, location: 2F 2-2: Ground out 3-1 (Groundball, 34S)
|
Batting: SHB Milojica Kordic
|
0-0: Called Strike 0-1: Swinging Strike 0-2: Strikes out swinging
|
Bottom of the 2nd over - 0 runs, 0 hits, 0 errors, 0 left on base; Valley 0 - Walla Walla 0 |
TOP OF THE 3RD |
Valley Blue Sox batting - Pitching for Walla Walla Walleye : RHP Ricky Parker
|
Batting: RHB Dallas Jiménez
|
0-0: Ball 1-0: Foul Ball, location: 2F 1-1: Ball 2-1: Called Strike 2-2: Ball 3-2: SINGLE (Groundball, 34D)
|
Batting: RHB Grady Harris
|
0-0: Ball Dallas Jiménez steals 2nd base 1-0: Ball 2-0: Called Strike 2-1: Ball 3-1: Fly out, F5 (Line Drive, 56)
|
Batting: RHB Jeff Fox
|
0-0: Ball 1-0: SINGLE (Line Drive, 56D) Dallas Jiménez to third Runner from 3rd tries for Home, SAFE, no throw
|
Batting: RHB Dale Epner
|
0-0: Ball 1-0: DOUBLE (Line Drive, 9LD) Jeff Fox to third Runner from 3rd tries for Home, SAFE, throw made at trailing runner, OUT at third!
|
Batting: SHB Donnie Magee
|
0-0: Called Strike 0-1: Ball 1-1: Called Strike 1-2: Foul Ball, location: 2F 1-2: Ball 2-2: Foul Ball, location: 2F 2-2: Foul Ball, location: 2F 2-2: SINGLE (Groundball, 56D)
|
Batting: RHB Richard Trevithick
|
Balk! Donnie Magee to second 0-0: Called Strike 0-1: Foul Ball, location: 2F 0-2: Ground out 5-3 (Groundball, 56S)
|
Top of the 3rd over - 2 runs, 4 hits, 0 errors, 1 left on base; Valley 2 - Walla Walla 0 |
BOTTOM OF THE 3RD |
Walla Walla Walleye batting - Pitching for Valley Blue Sox : RHP Jesús Vásquez
|
Batting: RHB Manny Moons
|
0-0: Ball 1-0: Called Strike 1-1: Ball 2-1: Ground out 6-3 (Groundball, 6)
|
Batting: RHB Enrique Torres
|
0-0: Called Strike 0-1: Called Strike 0-2: Ball 1-2: Foul Ball, location: 2F 1-2: Ball 2-2: Foul Ball, location: 2F 2-2: Ground out 1-3 (Groundball, 13S)
|
Batting: LHB Juan Huerta
|
0-0: Foul Ball, location: 2F 0-1: Ground out 6-3 (Groundball, 6M)
|
Bottom of the 3rd over - 0 runs, 0 hits, 0 errors, 0 left on base; Valley 2 - Walla Walla 0 |
TOP OF THE 4TH |
Valley Blue Sox batting - Pitching for Walla Walla Walleye : RHP Ricky Parker
|
Batting: RHB Jon Huband
|
0-0: Foul Ball, location: 2F 0-1: Ball 1-1: Ball 2-1: Ball 3-1: SINGLE (Flyball, 7S)
|
Batting: RHB Júlio Hernández
|
0-0: Ball Jon Huband steals 2nd base 1-0: Called Strike 1-1: Called Strike Jon Huband steals 3rd base 1-2: Ball 2-2: Ball 3-2: Ground out 6-3 (Groundball, 6) Jon Huband scores
|
Batting: LHB Stuart Janssen
|
0-0: Ball 1-0: Foul Ball, location: 2F 1-1: Foul Ball, location: 2F 1-2: Ball 2-2: Ball 3-2: Foul Ball, location: 2F 3-2: Base on Balls
|
Batting: RHB Dallas Jiménez
|
0-0: Ball 1-0: Foul Ball, location: 2F 1-1: Foul Ball, location: 2F 1-2: Strikes out swinging
|
Batting: RHB Grady Harris
|
0-0: Ball 1-0: Ball 2-0: Ball 3-0: Base on Balls Stuart Janssen to second
|
Batting: RHB Jeff Fox
|
0-0: Called Strike 0-1: Ball 1-1: Swinging Strike 1-2: Ball 2-2: Ball 3-2: Strikes out swinging
|
Top of the 4th over - 1 run, 1 hit, 0 errors, 2 left on base; Valley 3 - Walla Walla 0 |
BOTTOM OF THE 4TH |
Walla Walla Walleye batting - Pitching for Valley Blue Sox : RHP Jesús Vásquez
|
Batting: RHB William Morgan
|
0-0: Called Strike 0-1: Called Strike 0-2: Ball 1-2: Foul Ball, location: 2F 1-2: Foul Ball, location: 2F 1-2: Foul Ball, location: 2F 1-2: DOUBLE (Groundball, 5L)
|
Batting: RHB Alejandro Blasco
|
0-0: Called Strike 0-1: Foul Ball, location: 2F 0-2: Ball 1-2: Ball 2-2: SINGLE (Flyball, 7S) William Morgan to third Runner from 3rd tries for Home, SAFE, throw made home Alejandro Blasco to second
|
Batting: RHB William Harper
|
0-0: Ball 1-0: Ball 2-0: Foul Ball, location: 2F 2-1: Called Strike 2-2: Fly out, F5 (Popup, 5SF)
|
Batting: LHB Lauren Hilfiker
|
0-0: Foul Ball, location: 2F 0-1: Ball 1-1: Ball 2-1: DOUBLE (Line Drive, 8LD) Alejandro Blasco scores
|
Batting: LHB Andrés Rodríguez
|
0-0: Ball 1-0: Called Strike 1-1: DOUBLE (Line Drive, 78D) Lauren Hilfiker scores
|
Batting: SHB Milojica Kordic
|
0-0: Called Strike 0-1: Foul Ball, location: 2F 0-2: Ball 1-2: Ball 2-2: Foul Ball, location: 2F 2-2: Ball 3-2: 2-RUN HOME RUN (Flyball, 9D), Distance : 419 ft
|
Pitching: RHP Eddo Mud
|
|
Batting: RHB Manny Moons
|
0-0: Called Strike 0-1: Swinging Strike 0-2: Ground out 4-3 (Groundball, 4)
|
Batting: RHB Enrique Torres
|
0-0: Called Strike 0-1: SINGLE (Groundball, 6D)
|
Batting: LHB Juan Huerta
|
0-0: Called Strike 0-1: Ball 1-1: Called Strike 1-2: Ball 2-2: Strikes out swinging
|
Bottom of the 4th over - 5 runs, 6 hits, 0 errors, 1 left on base; Valley 3 - Walla Walla 5 |
TOP OF THE 5TH |
Valley Blue Sox batting - Pitching for Walla Walla Walleye : RHP Ricky Parker
|
Batting: RHB Dale Epner
|
0-0: Ball 1-0: Swinging Strike 1-1: Ball 2-1: Ball 3-1: Called Strike 3-2: Fly out, F8 (Flyball, 8LD)
|
Batting: SHB Donnie Magee
|
0-0: DOUBLE (Line Drive, 89D)
|
Batting: RHB Richard Trevithick
|
0-0: Ball 1-0: Swinging Strike 1-1: SINGLE (Line Drive, 6MD) Donnie Magee to third Runner from 3rd tries for Home, SAFE, throw made home Richard Trevithick to second
|
Pitching: RHP Art Manning
|
|
Batting: RHB Jon Huband
|
0-0: Ball 1-0: Called Strike 1-1: Ball 2-1: SINGLE (Groundball, 4) (infield hit) Richard Trevithick to third
|
Batting: RHB Júlio Hernández
|
0-0: Ball Pickoff Throw to First - Error! E1 Richard Trevithick scores Jon Huband to second 1-0: Ball 2-0: Ball 3-0: Called Strike 3-1: Foul Ball, location: 2F 3-2: Base on Balls
|
Batting: LHB Stuart Janssen
|
0-0: Ball Jon Huband steals 3rd base 1-0: Foul Ball, location: 2F 1-1: Foul Ball, location: 2F 1-2: Foul Ball, location: 2F 1-2: Ball 2-2: Ball Pickoff Throw to First - Out! 3-2: Ground out U3 (Groundball, 3S)
|
Top of the 5th over - 2 runs, 3 hits, 1 error, 1 left on base; Valley 5 - Walla Walla 5 |
BOTTOM OF THE 5TH |
Walla Walla Walleye batting - Pitching for Valley Blue Sox : RHP Eddo Mud
|
Batting: RHB William Morgan
|
0-0: Ground out 5-3 (Groundball, 56)
|
Batting: RHB Alejandro Blasco
|
0-0: Swinging Strike 0-1: Foul Ball, location: 2F 0-2: Strikes out swinging
|
Batting: RHB William Harper
|
0-0: Called Strike 0-1: Ball 1-1: Ball 2-1: Foul Ball, location: 2F 2-2: Strikes out swinging
|
Bottom of the 5th over - 0 runs, 0 hits, 0 errors, 0 left on base; Valley 5 - Walla Walla 5 |
TOP OF THE 6TH |
Valley Blue Sox batting - Pitching for Walla Walla Walleye : RHP Art Manning
|
Batting: RHB Dallas Jiménez
|
0-0: Called Strike 0-1: Swinging Strike 0-2: Foul Ball, location: 2F 0-2: Ball 1-2: Ball 2-2: Foul Ball, location: 2F 2-2: DOUBLE (Line Drive, 78D)
|
Batting: RHB Grady Harris
|
0-0: Sac Bunt - play at first, batter OUT! 1-3 Dallas Jiménez to third
|
Batting: RHB Jeff Fox
|
0-0: Foul Ball, location: 2F 0-1: Called Strike 0-2: Foul Ball, location: 2F 0-2: Ball 1-2: Ball 2-2: Foul Ball, location: 2F 2-2: Strikes out looking
|
Batting: RHB Dale Epner
|
0-0: Ball 1-0: Ground out 6-3 (Groundball, 6M)
|
Top of the 6th over - 0 runs, 1 hit, 0 errors, 1 left on base; Valley 5 - Walla Walla 5 |
BOTTOM OF THE 6TH |
Walla Walla Walleye batting - Pitching for Valley Blue Sox : RHP Eddo Mud
|
Batting: LHB Lauren Hilfiker
|
0-0: Ball 1-0: Ground out 4-3 (Groundball, 34)
|
Batting: LHB Andrés Rodríguez
|
0-0: Called Strike 0-1: Ball 1-1: Foul Ball, location: 2F 1-2: Foul Ball, location: 2F 1-2: Strikes out swinging
|
Batting: SHB Milojica Kordic
|
0-0: Called Strike 0-1: Fly out, F7 (Flyball, 7)
|
Bottom of the 6th over - 0 runs, 0 hits, 0 errors, 0 left on base; Valley 5 - Walla Walla 5 |
TOP OF THE 7TH |
Valley Blue Sox batting - Pitching for Walla Walla Walleye : RHP Art Manning
|
Batting: SHB Donnie Magee
|
0-0: Called Strike 0-1: Foul Ball, location: 2F 0-2: Ball 1-2: Strikes out swinging
|
Batting: RHB Richard Trevithick
|
0-0: Foul Ball, location: 2F 0-1: Called Strike 0-2: Foul Ball, location: 2F 0-2: Ball 1-2: Strikes out swinging
|
Batting: RHB Jon Huband
|
0-0: Called Strike 0-1: Ball 1-1: SINGLE (Line Drive, 6) (infield hit)
|
Batting: RHB Júlio Hernández
|
0-0: Ball Jon Huband is caught stealing 2nd base
|
Top of the 7th over - 0 runs, 1 hit, 0 errors, 0 left on base; Valley 5 - Walla Walla 5 |
BOTTOM OF THE 7TH |
Walla Walla Walleye batting - Pitching for Valley Blue Sox : RHP Eddo Mud
|
Pinch Hitting: RHB Igme Samson
|
0-0: Ball 1-0: Ball 2-0: Foul Ball, location: 2F 2-1: Foul Ball, location: 2F 2-2: Ball 3-2: Ground out 5-3 (Groundball, 5)
|
Pinch Hitting: RHB Germán Gracía
|
0-0: Called Strike 0-1: Foul Ball, location: 2F 0-2: Foul Ball, location: 2F 0-2: Ball 1-2: Fly out, F7 (Flyball, 7S)
|
Batting: LHB Juan Huerta
|
0-0: Fly out, F7 (Flyball, 7)
|
Bottom of the 7th over - 0 runs, 0 hits, 0 errors, 0 left on base; Valley 5 - Walla Walla 5 |
TOP OF THE 8TH |
Valley Blue Sox batting - Pitching for Walla Walla Walleye : RHP Art Manning
|
Pitching: RHP Jasper Jordan
|
|
Now at 2B: Germán Gracía
|
|
Now in CF: Javier Vázquez
|
|
Batting: RHB Júlio Hernández
|
0-0: Ball 1-0: Fly out, F8 (Flyball, 89D)
|
Batting: LHB Stuart Janssen
|
0-0: Ball 1-0: Ball 2-0: Ball 3-0: Base on Balls
|
Batting: RHB Dallas Jiménez
|
0-0: Hit by Pitch Stuart Janssen to second
|
Pinch Hitting: LHB Walter Butler
|
0-0: Called Strike 0-1: Ball 1-1: Called Strike 1-2: Foul Ball, location: 2F 1-2: SINGLE (Groundball, 56D) Stuart Janssen to third Dallas Jiménez to second
|
Batting: RHB Jeff Fox
|
0-0: Ball 1-0: Called Strike 1-1: Swinging Strike 1-2: Ball 2-2: Strikes out swinging
|
Batting: RHB Dale Epner
|
0-0: Ball 1-0: Called Strike 1-1: Fly out, F5 (Line Drive, 5)
|
Top of the 8th over - 0 runs, 1 hit, 0 errors, 3 left on base; Valley 5 - Walla Walla 5 |
BOTTOM OF THE 8TH |
Walla Walla Walleye batting - Pitching for Valley Blue Sox : RHP Eddo Mud
|
Now in LF: Cisco Beltrán
|
|
Batting: RHB William Morgan
|
0-0: Called Strike 0-1: Ball 1-1: Ball 2-1: Swinging Strike 2-2: Ball 3-2: Strikes out swinging
|
Batting: RHB Alejandro Blasco
|
0-0: Ball 1-0: Ball 2-0: Ball 3-0: Base on Balls
|
Batting: RHB William Harper
|
0-0: Swinging Strike 0-1: Swinging Strike 0-2: Strikes out swinging
|
Batting: LHB Lauren Hilfiker
|
0-0: Ball 1-0: Ball 2-0: Ball 3-0: Called Strike 3-1: SINGLE (Flyball, 8RS) Alejandro Blasco to second Runner from 2nd tries for 3rd, SAFE, throw made to third
|
Batting: LHB Andrés Rodríguez
|
0-0: Ball 1-0: Ball 2-0: Called Strike 2-1: SINGLE (Flyball, 8RS) Alejandro Blasco scores Lauren Hilfiker to second
|
Pitching: RHP Bligh Madris
|
|
Batting: SHB Milojica Kordic
|
0-0: Ball 1-0: Foul Ball, location: 2F 1-1: Foul Ball, location: 2F 1-2: Foul Ball, location: 2F 1-2: Foul Ball, location: 2F 1-2: Ball 2-2: Fielders Choice at 2nd, 5-4 (Groundball, 5)
|
Bottom of the 8th over - 1 run, 2 hits, 0 errors, 2 left on base; Valley 5 - Walla Walla 6 |
TOP OF THE 9TH |
Valley Blue Sox batting - Pitching for Walla Walla Walleye : RHP Jasper Jordan
|
Batting: SHB Donnie Magee
|
0-0: Ball 1-0: Swinging Strike 1-1: Ball 2-1: Foul Ball, location: 2F 2-2: Strikes out swinging
|
Batting: RHB Richard Trevithick
|
0-0: Ball 1-0: Foul Ball, location: 2F 1-1: Called Strike 1-2: Ball 2-2: Ball 3-2: Strikes out swinging
|
Batting: RHB Jon Huband
|
0-0: Ball 1-0: Ground out U3 (Groundball, 3L)
|
Top of the 9th over - 0 runs, 0 hits, 0 errors, 0 left on base; Valley 5 - Walla Walla 6 |
|